 Dungeon Crawl Stone Soup version 0.30-a0-782-ge64f9170bb (webtiles) character file.

Game seed: 13072533975195401098

16 Ge0ff the Ruffian (level 2, -3/25 HPs)
             Began as a Naga Transmuter on Feb 28, 2023.
             Slain by a quokka (4 damage)
             ... on level 2 of the Dungeon.
             The game lasted 00:03:30 (647 turns).

Ge0ff the Ruffian (Naga Transmuter)                  Turns: 647, Time: 00:03:30

Health: -3/25      AC:  1    Str: 12    XL:     2   Next: 58%
Magic:  4/5        EV:  9    Int: 13    God:
Gold:   123        SH:  0    Dex: 11    Spells: 4/5 levels left

rFire   + . .      SeeInvis +      - Unarmed
rCold   . . .      Faith    .    (no shield)
rNeg    . . .      Spirit   .    a - +0 robe
rPois   +          Reflect  .    (helmet currently unavailable)
rElec   .          Harm     .    (no cloak)
rCorr   .          Rampage  .    (no gloves)
Will    .....                    (no barding)
Stlth   ++                       (no amulet)
HPRegen 0.24/turn                R - ring of protection from fire
MPRegen 0.09/turn                (no ring)

@: short of breath, appendages, very slow
A: horns 2, AC +0, large, see invisible, deformed body, poison resistance,
slowness 2, spit poison 1, naga tail 1
a: Spit Poison, End Transformation


You were on level 2 of the Dungeon.
You had temporarily grown beastly horns.
You visited 1 branch of the dungeon, and saw 2 of its levels.

You collected 123 gold pieces.

Inventory:

Hand Weapons
 P - a +1 dagger of protection
Missiles
 O - 10 stones
Armour
 a - a +0 robe (worn)
 T - a +2 helmet
 U - the +0 chain mail "Eshaerisum" {rPois rN+ SInv}
   (You found it on level 2 of the Dungeon)

   rPois:     It protects you from poison.
   rN:        It protects you from negative energy.
   SInv:      It lets you see invisible.
Jewellery
 R - a ring of protection from fire (left hand)
Scrolls
 S - a scroll of torment {unknown}
Potions
 L - a potion of lignification
 M - 2 potions of attraction {unknown}
 Q - a potion of degeneration {unknown}
 V - 2 potions of cancellation {unknown}


   Skills:
 - Level 1.0 Fighting
 - Level 1.5 Dodging
 - Level 2.0 Stealth
 - Level 3.0 Unarmed Combat
 - Level 2.0 Spellcasting
 + Level 2.7 Transmutations


You had 4 spell levels left.
You knew the following spells:

 Your Spells              Type           Power      Damage    Failure   Level
s - Beastly Appendage     Tmut           16%        N/A       9%          1

Your spell library contained the following spells:

 Spells                   Type           Power      Damage    Failure   Level
 Wereblood                Tmut           8%         N/A       12%         2
 Spider Form              Tmut/Pois      4%         N/A       41%         3
 Ignite Poison            Fire/Tmut/Pois 3%         N/A       45%         3
 Ice Form                 Ice/Tmut       4%         N/A       82%         4
 Sticky Flame             Conj/Fire      1%         2d3       94%         4
 Ignition                 Fire           0%         3d3       100%        8


Dungeon Overview and Level Annotations

Branches:
Dungeon (2/15) Zot: 11178

Altars:

Annotations:
D:2 Natasha


Innate Abilities, Weirdness & Mutations

You have temporarily grown beastly horns.
Your serpentine skin is tough. (AC +0)
You have supernaturally acute eyesight. (SInv)
Armour fits poorly on your strangely shaped body.
Your system is resistant to poisons. (rPois)
You cover ground very slowly.
You can spit poison.
You have a snake-like lower body.


Message History

Your headbutt misses the ball python.
The ball python is moderately wounded.
The ball python bites you.
You closely miss the ball python.
The ball python is moderately wounded.
Your transformation is almost over.
The ball python bites you.
You barely miss the ball python.
The ball python is moderately wounded.
The ball python bites you.
You barely miss the ball python.
The ball python is moderately wounded.
The ball python bites you.
You closely miss the ball python. You headbutt the ball python.
You kill the ball python!
Magic restored.
Your horns disappear.
HP restored.
You now have 123 gold pieces (gained 15).
A quokka comes into view.
Natasha and a kobold come into view.
Natasha hisses angrily.
The splash of poison misses Natasha.
Casting: Beastly Appendage (safe; 9% risk of failure)
Confirm with . or Enter, or press ? or * to list all spells.
You grow a pair of large bovine horns.
You hit Natasha but do no damage. Your headbutt misses Natasha.
You have got your breath back.
Natasha stares at you and mumbles some strange words.
The magic dart hits you.
You hit Natasha. Your headbutt misses Natasha. Your punch misses Natasha.
Natasha is lightly wounded.
Natasha barely misses you.
You barely miss Natasha. Your headbutt misses Natasha.
Natasha is lightly wounded.
Natasha claws you.
Use which ability? (? or * to list)
Aiming: Spit Poison (2% risk of failure)
Press: ? - help, Shift-Dir - straight line, f/p - Natasha
Aim: Natasha (lightly wounded, 50% to hit)
The splash of poison hits Natasha.
Natasha is poisoned.
Natasha is moderately wounded.
The quokka bites you. Natasha claws you! The quokka barely misses you.
You closely miss Natasha.
Natasha is heavily wounded.
Natasha casts a spell at you. The magic dart hits you!
* * * LOW HITPOINT WARNING * * *
The quokka bites you.
You die...

..########.#.#.#
...............#
##########.##.## ####
...........##.# ..K
##########.##.# ..#
##########.##.####..###
....................r..
#########......rh#..#r
#.####.#@# #.#......#
#.#.##.#.# #.# #....
#.# ###.. #.# #... #.#.
.....


You could see Natasha (poisoned) and a quokka.

Vanquished Creatures
  2 ball pythons
  A bat (D:1)
  2 endoplasms
  A giant cockroach (D:1)
  2 goblins (D:1)
  A hobgoblin (D:1)
  2 quokkas
  A frilled lizard (D:1)
  2 kobolds (D:1)
14 creatures vanquished.

Vanquished Creatures (others)
  2 fungi (D:1)
2 creatures vanquished.

Grand Total: 16 creatures vanquished

Notes
Turn   | Place    | Note
-------+----------+-------------------------------------------
     0 | D:1      | Ge0ff the Naga Transmuter began the quest for the Orb.
     0 | D:1      | Reached XP level 1. HP: 18/18 MP: 3/3
    97 | D:1      | Reached skill level 1 in Stealth
   252 | D:1      | Reached XP level 2. HP: 25/25 MP: 3/5
   554 | D:2      | Identified the +0 chain mail "Eshaerisum" {rPois rN+ SInv}
   639 | D:2      | Noticed Natasha
   647 | D:2      | HP: 1/25 [Natasha/magic dart (8)]
   647 | D:2      | Slain by a quokka

Illustrated notes

Levels and vault maps discovered:
D:1:      wander_arrival_estate, layout_rooms, dreamdust_mushroom_princess,
          chequers_garden, minmay_distorted
D:2:      layout_basic, dk_noncrumbling_3, uniq_crazy_yiuf_cottage, uniq_natasha

Skill      XL: |  1 |
---------------+----+-----
Stealth        | 2 |  2.0
Fighting       | |  1.0
Dodging        | |  1.5
Unarmed Combat | |  3.0
Spellcasting   | |  2.0
Transmutations | |  2.7

Action                     || total
---------------------------++-------
  Melee: Unarmed           ||    33
         Headbutt          ||     3
   Cast: Beastly Appendage ||     8
Ability: Spit Poison       ||    13
    Use: Scroll            ||     1
 Armour: Robe              ||     7
  Dodge: Dodged            ||    14

Table legend: (Time is in decaauts)
 A = Elapsed time spent in this place.
 B = Non-inter-level travel time spent in this place.
 C = Inter-level travel time spent in this place.
 D = Time resting spent in this place.
 E = Time spent auto-exploring this place.
 F = Levels seen in this place.
 G = Mean time per level.
                   A        B        C        D        E       F      G
               +--------+--------+--------+--------+--------+-----+--------+
         Total |    820 |    805 |     15 |     11 |    596 |   2 |  410.0 |
       Dungeon |    820 |    805 |     15 |     11 |    596 |   2 |  410.0 |
               +--------+--------+--------+--------+--------+-----+--------+

Top non-repeatable levels by time:
     D:1: 658 daAuts
     D:2: 162 daAuts
